 Dungeon Crawl Stone Soup version 0.18.1-47-g9310371 (webtiles) character file.

200 FrancescoMac the Skirmisher (level 5, -6/48 HPs)
             Began as a Minotaur Wanderer on June 21, 2016.
             Mangled by a phantom (9 damage)
             ... on level 4 of the Dungeon.
             The game lasted 00:10:24 (2774 turns).

FrancescoMac the Skirmisher (Minotaur Wanderer)     Turns: 2774, Time: 00:10:25

Health: -6/48      AC:  2    Str: 16 (17) XL:     5   Next: 49%
Magic:  4/4        EV: 22    Int:  9      God:
Gold:   140        SH:  0    Dex: 14 (15) Spells: 0 memorised, 4 levels left

rFire  . . .     SeeInvis .     a - +3 shortbow
rCold  . . .     Gourm    .     d - +0 robe
rNeg   . . .     Faith    .     (shield currently unavailable)
rPois  .         Spirit   .     (helmet restricted)
rElec  .         Dismiss  .     (no cloak)
rCorr  .         Reflect  .     (no gloves)
SustAt .         Harm     .     (no boots)
MR     .....                    k - amulet of magic regeneration
Stlth  +++.......               q - +4 ring of evasion
                                v - ring of flight (curse)

@: agile, not resistant to hostile enchantments, fairly stealthy
A: retaliatory headbutt, horns 2, mutation resistance 1, wild magic 1
a: Evoke Flight


You were on level 4 of the Dungeon.
You were not hungry.

You visited 1 branch of the dungeon, and saw 4 of its levels.

You collected 140 gold pieces.

Inventory:

Hand Weapons
 a - a +3 shortbow (weapon)
 e - a +0 dagger
Missiles
 b - 40 arrows (quivered)
Armour
 d - a +0 robe (worn)
 g - a +0 crystal plate armour
Jewellery
 k - an amulet of magic regeneration (around neck)
 q - a +4 ring of evasion (right hand)
 v - a cursed ring of flight (left hand)
Wands
 l - a wand of slowing (19/48)
 p - a wand of acid (10/15)
Scrolls
 c - 2 scrolls of teleportation
 i - 2 scrolls of enchant armour
 m - a scroll of immolation
 n - 2 scrolls of identify
 r - 2 scrolls of remove curse
Potions
 h - a potion of agility
Comestibles
 f - 5 bread rations
 x - 2 meat rations


   Skills:
 + Level 5.4 Fighting
 + Level 3.2 Bows
 - Level 2.0 Throwing
 + Level 3.3 Dodging
 + Level 2.3 Stealth


You had 4 spell levels left.
You didn't know any spells.

Dungeon Overview and Level Annotations

Branches:
Dungeon (4/15)
 Temple: D:4-7

Altars:


Innate Abilities, Weirdness & Mutations

You reflexively headbutt those who attack you in melee.
You have a pair of horns on your head.
You are somewhat resistant to further mutation.
Your spells are a little harder to cast, but a little more powerful.


Message History

* * * LOW HITPOINT WARNING * * *
Drink which item? (? for menu, Esc to quit)
You feel agile all of a sudden.
The jackal bites you but does no damage.
The phantom completely misses you. The jackal completely misses you.
You furiously retaliate!
You headbutt the jackal.
You kill the jackal!
Firing (i - inventory):
b - 42 arrows (quivered)
Press: ? - help, Shift-Dir - straight line, f/p - phantom
Aim: a phantom (severely damaged)
You shoot an arrow. The arrow hits the phantom.
The phantom is almost destroyed.
The phantom completely misses you.
Firing (i - inventory):
b - 41 arrows (quivered)
Press: ? - help, Shift-Dir - straight line, f/p - phantom
Aim: a phantom (almost destroyed)
You shoot an arrow. The arrow closely misses the phantom.
You hear a bark!
The phantom hits you!
You die...

##### ...(.
....%.
#......
###....(..
#<@..((#
#[W(####
......(..##
####.##..h.
.. #.(....
.(#
((###### #
%## .( ..


You could see a phantom and a jackal.

Vanquished Creatures
  A worker ant (D:4)
  4 gnolls (D:3)
  6 adders
  A worm (D:2)
  A dart slug (D:1)
  4 giant geckos
  9 orcs
  5 bats
  4 giant cockroaches
  6 goblins
  9 hobgoblins
  4 jackals
  A quokka (D:3)
  4 giant newts
  4 kobolds
  8 rats
71 creatures vanquished.

Vanquished Creatures (others)
  An orc wizard (D:4)
  2 worker ants (D:4)
  A jackal (D:4)
4 creatures vanquished.

Grand Total: 75 creatures vanquished

Notes
Turn   | Place    | Note
--------------------------------------------------------------
     0 | D:1      | FrancescoMac the Minotaur Wanderer began the quest for the Orb.
     0 | D:1      | FrancescoMac set off with: a +2 shortbow, 25 arrows, 2 scrolls of teleportation, a +0 robe, a +0 dagger, a bread ration
     0 | D:1      | Reached XP level 1. HP: 19/19 MP: 0/0
   257 | D:1      | Reached skill level 4 in Fighting
   358 | D:1      | Reached XP level 2. HP: 27/27 MP: 1/1
  1000 | D:2      | Reached XP level 3. HP: 34/34 MP: 2/2
  1263 | D:2      | Reached XP level 4. HP: 32/41 MP: 3/3
  1966 | D:3      | Reached skill level 5 in Fighting
  2142 | D:3      | Reached XP level 5. HP: 48/48 MP: 4/4
  2733 | D:3      | Gained mutation: Your spells are a little harder to cast, but a little more powerful. [potion of mutation]
  2733 | D:3      | Gained mutation: You are somewhat resistant to further mutation. [potion of mutation]
  2754 | D:4      | Noticed a phantom
  2771 | D:4      | HP: 2/48 [phantom (9)]
  2774 | D:4      | Mangled by a phantom

Skill      XL: |  1  2  3  4 |
---------------+-------------+-----
Fighting       | 4 5 |  5.4
Throwing       | 2 |  2.0
Bows           | 3 |  3.2
Dodging        | 3 |  3.3
Stealth        | 2 |  2.3

Action                   |  1- 3 |  4- 6 || total
-------------------------+-------+-------++-------
 Fire: Shortbow          |    76 |   124 ||   200
  Use: Scroll            |       |     9 ||     9
       Potion            |       |     7 ||     7
  Eat: Chunk             |     1 |     1 ||     2
       Meat ration       |       |     1 ||     1
Armor: Robe              |     2 |     5 ||     7
Dodge: Dodged            |    12 |    43 ||    55
